 Dungeon Crawl Stone Soup version 0.25-a0-578-gc91f01c39c (webtiles) character file.

Game seed: 14968778370822673576, levelgen mode: deterministic

23 Esekla the Charlatan (level 2, 14/14 HPs)
             Began as a Spriggan Artificer on Mar 6, 2020.
             Was a Follower of the Shining One.
             Got out of the dungeon alive.
             The game lasted 00:07:24 (1100 turns).

Esekla the Charlatan (Spriggan Artificer)           Turns: 1100, Time: 00:07:24

Health: 14/14      AC:  2    Str:  8    XL:     2   Next: 75%
Magic:  6/6        EV: 19    Int: 12    God:    the Shining One [*.....]
Gold:   48         SH:  0    Dex: 16    Spells: 1/1 levels left

rFire    . . .     SeeInvis +   a - +0 short sword
rCold    . . .     Gourm    .   (shield restricted)
rNeg     . . .     Faith    .   b - +0 robe
rPois    .         Spirit   .   (helmet restricted)
rElec    .         Reflect  .   (no cloak)
rCorr    .         Harm     .   (gloves unavailable)
MR       .....                  (boots unavailable)
Stlth    +.........             (no amulet)
HPRegen  0.04/turn              (no ring)
MPRegen  0.10/turn              (no ring)

@: glowing, very quick
A: very small, unfitting armour, see invisible, herbivore, speed 3, slow
metabolism 2
a: Renounce Religion


You escaped.
You worshipped the Shining One.
The Shining One was aware of your devotion.
You were not hungry.

You visited 1 branch of the dungeon, and saw 2 of its levels.

You collected 48 gold pieces.

Inventory:

Hand Weapons
 a - a +0 short sword (weapon)
 i - a +0 vampiric spear
Missiles
 h - 13 poisoned darts (quivered)
Armour
 b - a +0 robe (worn)
 l - a +0 leather armour
Wands
 c - a wand of flame (15)
 d - a wand of enslavement (15)
 e - a wand of random effects (15)
Scrolls
 g - 3 scrolls of teleportation {unknown}
 j - a scroll of identify {unknown}
 m - a scroll of amnesia {unknown}
Potions
 k - a potion of mutation {unknown}
Comestibles
 f - 4 rations


   Skills:
 - Level 0.7 Fighting
 + Level 1.3 Short Blades
 * Level 3.7 Dodging
 + Level 2.0 Stealth
 - Level 4.7 Evocations


You had one spell level left.
You didn't know any spells.
Your spell library was empty.

Dungeon Overview and Level Annotations

Branches:
Dungeon (2/15)

Altars:
The Shining One


Innate Abilities, Weirdness & Mutations

You are very small and have problems with some larger weapons.
You are too small for most types of armour.
You have supernaturally acute eyesight. (SInv)
You are a herbivore.
You cover ground extremely quickly.
You need to consume almost no food.


Message History

You kill the goblin!
You see here a +0 club.
There is a faded altar of an unknown god here.
You cannot tell which god this altar belongs to.
Convert to them anyway?
The Shining One accepts your prayer! The Shining One welcomes you!
You and your allies can now gain power from killing the unholy and evil.
You offer a prayer to the Shining One.
You see here a +0 club.
There is a stone staircase leading up here.
You climb upwards.
There is a stone staircase leading down here.
(D) Dungeon
Where to? (? - help)
Okay, then.
You see here a +0 club.
There is an open door here.
There is a staircase leading out of the dungeon here.
Are you sure you want to leave the Dungeon?
This will make you lose the game!
You have escaped!

...# ♣.♣.♣ #....#.#
...##### ♣♣..♣
#.####.. ...)...#
♣.♣.♣♣ #.......
.......# ♣.♣..♣
######.. .......#
♣♣.♣♣♣ ######.
.......# ♣..♣♣♣
#...... .......#
♣..♣.♣ #.###.#
.......# ♣...♣♣
###..##.# ########
♣.@.♣♣ #....##.# #
♣....♣ ####....# #
♣♣.♣♣♣♣ #...#..# #
♣.♣.♣.♣ #.#....# #
###### ♣♣♣♣.♣♣
#.###..#
###....#### ♣.♣♣♣♣
#......#
..'.......# ♣♣.♣.♣
######.#
###.....### ♣...♣♣
#.# #
#.....##########..#
#..


There were no monsters in sight!

Vanquished Creatures
  A dart slug (D:1)
  4 bats (D:1)
  A giant cockroach (D:1)
  3 goblins
  2 hobgoblins (D:1)
  A kobold (D:1)
  4 frilled lizards (D:1)
  5 rats (D:1)
21 creatures vanquished.

Notes
Turn   | Place    | Note
-------+----------+-------------------------------------------
     0 | D:1      | Esekla the Spriggan Artificer began the quest for the Orb.
     0 | D:1      | Reached XP level 1. HP: 9/9 MP: 4/4
   227 | D:1      | Reached XP level 2. HP: 14/14 MP: 6/6
  1033 | D:2      | Found a faded altar of an unknown god.
  1042 | D:2      | Became a worshipper of the Shining One
  1042 | D:2      | Reached * piety under the Shining One
  1100 | D:$      | Got out of the dungeon alive.

Levels and vault maps discovered:
D:1:      roderic_dead_forest, layout_basic, dk_noncrumbling_3
D:2:      layout_loops_corners, first_ration, chequers_ecumenical_altar_simple

Skill      XL: |  1  2 |
---------------+-------+-----
Stealth        | 2 |  2.0
Fighting       | |  0.7
Short Blades   | |  1.3
Dodging        | |  3.7
Evocations     | |  4.7

Action                   || total
-------------------------++-------
Melee: Short sword       ||    59
 Stab: Sleeping          ||     4
Armor: Robe              ||     1
Dodge: Dodged            ||    42

Table legend:
 A = Non-vault XP
 B = Vault XP
 C = Vault XP percentage of total XP
 D = Non-vault monster count
 E = Vault monster count
 F = Vault count percentage of total count
                 A         B        C        D         E       F
            +---------+---------+-------+---------+---------+-------
      Total |      34 |       0 |   0.0 |      21 |       0 |   0.0
            +---------+---------+-------+---------+---------+-------
        D:1 |      32 |       0 |   0.0 |      20 |       0 |   0.0
        D:2 |       2 |       0 |   0.0 |       1 |       0 |   0.0
            +---------+---------+-------+---------+---------+-------
